 Dungeon Sprint DCSS version 0.24-a0-613-g1ff6aac338 (webtiles) character file.

Game seed: 8177662775678138843, levelgen mode: deterministic

7410 Conn the Eclecticist (level 10, -1/51 HPs)
             Began as a Deep Elf Fire Elementalist on Sept 10, 2019.
             Was a High Priest of Sif Muna.
             Engulfed by a cloud of steam (31 damage)
             ... in the Dungeon (Sprint II: "The Violet Keep of Menkaure").
             The game lasted 00:41:57 (1766 turns).

Conn the Eclecticist (Deep Elf Fire Elementalist)   Turns: 1766, Time: 00:41:58

Health: -1/51      AC:  2    Str:  5    XL:     10   Next: 92%
Magic:  33/43      EV: 17    Int: 24    God:    Sif Muna [*****.]
Gold:   26         SH:  0    Dex: 15    Spells: 2/45 levels left

rFire    . . .     SeeInvis +   f - +1 dagger (flame)
rCold    . . .     Gourm    .   (no shield)
rNeg     . . .     Faith    .   a - +0 robe
rPois    .         Spirit   .   (no helmet)
rElec    .         Reflect  .   (no cloak)
rCorr    .         Harm     .   (no gloves)
MR       +....     NoTele   +   (no boots)
Stlth    ++........             (no amulet)
HPRegen  0.17/turn              g - ring of magical power
MPRegen  0.28/turn              j - ring of see invisible

@: lethally poisoned (-1 -> -40), slowed, very slow
A: no striking features
a: Channel Magic, Forget Spell, Divine Exegesis, Renounce Religion


You were in the Dungeon.
You worshipped Sif Muna.
Sif Muna was extremely pleased with you.
You were not hungry.

You visited 1 branch You collected 1296 gold pieces.
You spent 1270 gold pieces at shops.

Inventory:

Hand Weapons
 d - the +5 rapier of Uncomfortable Rashes {antimagic, rElec Str+4}
   (You bought it in a shop in the Dungeon)

   It reduces the magical energy of the wielder, and disrupts the spells and
   magical abilities of those hit.
   Natural abilities and divine invocations are not affected.
   It affects your strength (+4).
   It insulates you from electricity.
 f - a +1 dagger of flaming (weapon)
Armour
 a - a +0 robe (worn)
Jewellery
 g - a ring of magical power (left hand)
 j - a ring of see invisible (right hand)
Scrolls
 b - a scroll of identify {unknown}
 i - 2 scrolls of blinking
Potions
 e - 2 potions of heal wounds
 h - a potion of flight {unknown}
Comestibles
 c - a ration


   Skills:
 + Level 0.6 Fighting
 + Level 2.2 Short Blades
 + Level 8.2 Dodging
 + Level 6.6 Stealth
 * Level 18.1 Spellcasting
 * Level 12.9 Conjurations
 + Level 0.7 Hexes
 + Level 1.1 Summonings
 + Level 4.6 Translocations
 + Level 15.2 Fire Magic
 + Level 3.0 Air Magic
 * Level 0.3 Earth Magic
 + Level 3.3 Poison Magic
 - Level 5.8 Invocations


You had 2 spell levels left.
You knew the following spells:

 Your Spells              Type           Power        Failure   Level  Hunger
a - Flame Tongue          Conj/Fire      #####        0%          1    None
b - Conjure Flame         Conj/Fire      ######..     1%          3    None
c - Inner Flame           Hex/Fire       ######..     1%          3    None
d - Sticky Flame          Conj/Fire      ######..     1%          4    None
e - Fireball              Conj/Fire      ######....   1%          5    None
f - Mephitic Cloud        Conj/Pois/Air  ######..     1%          3    None
g - Blink                 Tloc           N/A          1%          2    None
h - Magic Dart            Conj           ####         0%          1    None
i - Call Imp              Summ           ####....     2%          2    None
j - Stone Arrow           Conj/Erth      ######       1%          3    None
k - Bolt of Magma         Conj/Fire/Erth ######....   1%          5    None
l - Venom Bolt            Conj/Pois      ######....   2%          5    None
m - Poison Arrow          Conj/Pois      ######....   12%         6    ###....

Your spell library contained the following spells:

 Spells                   Type           Power        Failure   Level  Hunger
 Throw Flame              Conj/Fire      ######       0%          2    None
 Sting                    Conj/Pois      ####         1%          1    None
 Slow                     Hex            ####....     2%          2    None
 Iron Shot                Conj/Erth      ######....   22%         6    ###....


Dungeon Overview and Level Annotations

Branches:
Dungeon (1/1)

Altars:
Cheibriados
Dithmenos
Elyvilon
Fedhas
Gozag
Hepliaklqana
Kikubaaqudgha
Makhleb
Nemelex Xobeh
Okawaru
Qazlal
Ru
Sif Muna
Trog
Uskayaw
Vehumet
Wu Jian
Xom
Yredelemnul
Zin
The Shining One
Beogh
Jiyva
Lugonu

Shops:
D :}*!%=(%[?=*[:!?

Annotations:
D exclusions: oklob plant and orange crystal statue, Roxanne


Message History

You are poisoned.
You feel yourself slow down.
Casting: Bolt of Magma (safe; 1% risk of failure)
Confirm with . or Enter, or press ? or * to list all spells.
You blink.
Splash!
You fall into the shallow water.
Moving in this stuff is going to be slow.
You feel very sick.
You feel very sick. The death drake breathes miasma at you.
The foul vapour misses you.
The death drake fails to trigger a net trap.
You feel very sick. The death drake breathes miasma at you.
The foul vapour engulfs you!
You are lethally poisoned!
You are engulfed in a cloud of scalding steam.
Ouch! That really hurt!
You die... ≈≈≈≈#.##..#....# .^.#### ( ≈≈####...####..## #^k##.# (!?[$

≈##.###'###.##..# +○○#..#▓$([$(?
≈#...##.##...#..# #○°#÷.#▓?!?)$%
≈'###+.<.'##.+..####○k##.#▓[?=!!!
≈#...##.##...#....###^..##▓▓▓▓▓▓▓
≈##.###'###.##§.)...○≈≈≈≈≈≈≈≈≈≈≈≈
≈≈#####..####≈§§.§.k≈#+########+#
#≈≈≈#.##..#≈≈≈§§@§§.≈#.._._._.#t§
#'#≈##.#.##≈≈§§≈§○≈.≈#._._._..#§§
#.#≈≈##'##≈≈≈§§§°°§≈≈#_._._._.#§§
####≈≈)≈≈≈≈≈≈≈≈§°§§≈÷#._._._._#§§
#+++#+++#≈≈§§≈§≈§≈#.._._._.#§≈
#§§§§§≈ ##≈≈§###≈≈#..._._._#§§
#§§≈§≈§§§§##≈≈# #§§#...._._.#≈§
+§≈§≈§8§§§§≈+§§# #§§#....._._#≈§
##≈≈§≈§§≈§§##§§≈≈≈≈§##########≈§


You could see a death drake.

Vanquished Creatures
  Kirke (D)
  A yaktaur captain (D)
  A centaur warrior (D)
  A skeletal warrior (D)
  A death drake (D)
  An elephant (D)
  2 spiny frogs (D)
  2 tyrant leeches (D)
  A hornet (D)
  2 polar bears (D)
  2 hippogriffs (D)
  4 neqoxecs (D)
  Menkaure (D)
  A swamp drake (D)
  4 necrophages (D)
  A crocodile (D)
  A scorpion (D)
  3 worms (D)
30 creatures vanquished.

Vanquished Creatures (others)
  A yaktaur (D)
  A polar bear (D)
  A hippogriff (D)
  2 crocodiles (D)
5 creatures vanquished.

Grand Total: 35 creatures vanquished

Notes
Turn   | Place    | Note
-------+----------+-------------------------------------------
     0 | D        | Conn the Deep Elf Fire Elementalist began the quest for the
                  | Orb.
     0 | D        | Reached XP level 1. HP: 10/10 MP: 6/6
     1 | D        | Noticed a tyrant leech
     1 | D        | Noticed a tyrant leech
    29 | D        | Killed a crocodile
    42 | D        | Noticed an orange crystal statue
    48 | D        | Reached skill level 4 in Spellcasting
    48 | D        | Reached XP level 2. HP: 8/15 MP: 0/9
    51 | D        | Noticed Menkaure
    67 | D        | Killed Menkaure
    67 | D        | Reached skill level 6 in Spellcasting
    67 | D        | Reached XP level 3. HP: 12/19 MP: 7/12
    67 | D        | Reached XP level 4. HP: 16/24 MP: 8/14
    79 | D        | Learned a level 3 spell: Conjure Flame
    83 | D        | Learned a level 3 spell: Inner Flame
    88 | D        | Learned a level 4 spell: Sticky Flame
   107 | D        | Noticed a necrophage
   107 | D        | Noticed a necrophage
   107 | D        | Noticed a necrophage
   107 | D        | Noticed a necrophage
   114 | D        | Killed a necrophage
   114 | D        | Reached skill level 7 in Spellcasting
   114 | D        | Reached XP level 5. HP: 17/28 MP: 3/17
   118 | D        | Killed a necrophage
   118 | D        | Reached skill level 5 in Dodging
   118 | D        | Reached skill level 8 in Spellcasting
   130 | D        | Killed a necrophage
   130 | D        | Reached skill level 9 in Spellcasting
   130 | D        | Reached skill level 10 in Fire Magic
   130 | D        | Reached XP level 6. HP: 13/32 MP: 12/20
   138 | D        | Reached skill level 10 in Spellcasting
   138 | D        | Reached skill level 5 in Conjurations
   161 | D        | Learned a level 5 spell: Fireball
   170 | D        | Found a roughly hewn altar of Beogh.
   171 | D        | Found a hazy altar of Hepliaklqana.
   171 | D        | Found a snail-covered altar of Cheibriados.
   172 | D        | Found a stormy altar of Qazlal.
   172 | D        | Found a viscous altar of Jiyva.
   172 | D        | Found a shadowy altar of Dithmenos.
   173 | D        | Found a sacrificial altar of Ru.
   173 | D        | Found an ancient bone altar of Kikubaaqudgha.
   173 | D        | Found a white marble altar of Elyvilon.
   174 | D        | Found an ornate altar of the Wu Jian Council.
   174 | D        | Found a shimmering blue altar of Sif Muna.
   174 | D        | Found a corrupted altar of Lugonu.
   174 | D        | Found a blossoming altar of Fedhas.
   175 | D        | Found a shimmering altar of Xom.
   175 | D        | Found a bloodstained altar of Trog.
   175 | D        | Found a burning altar of Makhleb.
   176 | D        | Found a glowing golden altar of the Shining One.
   176 | D        | Found a basalt altar of Yredelemnul.
   176 | D        | Found a hide-covered altar of Uskayaw.
   178 | D        | Found a glowing silver altar of Zin.
   178 | D        | Found a radiant altar of Vehumet.
   178 | D        | Found a sparkling altar of Nemelex Xobeh.
   179 | D        | Found an opulent altar of Gozag.
   179 | D        | Found an iron altar of Okawaru.
   184 | D        | Became a worshipper of Sif Muna the Loreminder
   215 | D        | Noticed a neqoxec
   215 | D        | Noticed a neqoxec
   215 | D        | Noticed a neqoxec
   215 | D        | Noticed a neqoxec
   218 | D        | Killed a neqoxec
   218 | D        | Reached XP level 7. HP: 22/36 MP: 6/23
   218 | D        | Killed a neqoxec
   218 | D        | Reached skill level 11 in Spellcasting
   218 | D        | Killed a neqoxec
   218 | D        | Reached * piety under Sif Muna
   218 | D        | Reached skill level 5 in Stealth
   219 | D        | Killed a neqoxec
   219 | D        | Reached skill level 12 in Spellcasting
   245 | D        | Found Ubeghooc's Magic Scroll Shop.
   246 | D        | Found Fetulloo's Distillery.
   247 | D        | Found Fokhusya's Antique Armour Boutique.
   247 | D        | Found Jate's General Store.
   248 | D        | Found Uteocotzo's Magic Scroll Shop.
   248 | D        | Found Jogun's Antique Armour Boutique.
   249 | D        | Found Reabec's Jewellery Boutique.
   249 | D        | Found Ziof Pia's Food Shop.
   249 | D        | Found Baesupuy's Food Shop.
   257 | D        | Reached ** piety under Sif Muna
   258 | D        | Found Aroyggo's General Store.
   258 | D        | Found Zoatagus's Gadget Boutique.
   258 | D        | Found Ege Athre's Jewellery Shop.
   258 | D        | Found Xurchoash's Distillery.
   268 | D        | Found Vuvve's Book Shop.
   268 | D        | Found Sein's Antique Weapon Boutique.
   270 | D        | Noticed an oklob plant
   279 | D        | Reached XP level 8. HP: 35/41 MP: 7/26
   282 | D        | Found Nomnof's Book Shoppe.
   290 | D        | Noticed a slime creature
   300 | D        | Bought a book of Minor Magic for 280 gold pieces
   302 | D        | Bought a warped rapier for 270 gold pieces
   302 | D        | Identified the +5 rapier of Uncomfortable Rashes
                  | {antimagic, rElec Str+4} (You bought it in a shop in the
                  | Dungeon)
   303 | D        | Bought a glowing dagger for 150 gold pieces
   323 | D        | Learned a level 3 spell: Mephitic Cloud
   326 | D        | Learned a level 2 spell: Blink
   328 | D        | Learned a level 1 spell: Magic Dart
   331 | D        | Learned a level 2 spell: Call Imp
   343 | D        | Killed a tyrant leech
   346 | D        | Killed a tyrant leech
   346 | D        | Reached skill level 13 in Spellcasting
   368 | D        | Bought an uncursed ring of magical power for 220 gold
                  | pieces
   490 | D        | Noticed Roxanne
   518 | D        | Noticed a death drake
   520 | D        | Noticed a yaktaur
   520 | D        | Noticed a hornet
   520 | D        | Noticed a polar bear
   521 | D        | Noticed a polar bear
   529 | D        | Killed a polar bear
   529 | D        | Reached *** piety under Sif Muna
   529 | D        | Killed a death drake
   529 | D        | Reached skill level 14 in Spellcasting
   529 | D        | Reached skill level 1 in Poison Magic
   529 | D        | Reached XP level 9. HP: 36/45 MP: 16/29
   532 | D        | Reached skill level 1 in Translocations
   532 | D        | Reached skill level 10 in Conjurations
   532 | D        | Reached skill level 1 in Air Magic
   533 | D        | Noticed a polar bear
   551 | D        | Killed a yaktaur
   551 | D        | Reached skill level 15 in Spellcasting
   558 | D        | Killed a polar bear
   778 | D        | Noticed a death drake
   791 | D        | Killed a polar bear
   791 | D        | Reached **** piety under Sif Muna
   803 | D        | Noticed a crystal guardian
   940 | D        | Noticed a centaur warrior
   940 | D        | Noticed Kirke
   940 | D        | Noticed a yaktaur captain
   941 | D        | Noticed an elephant
   942 | D        | Noticed a kobold demonologist
   944 | D        | Noticed a skeletal warrior
   944 | D        | Killed a yaktaur captain
   948 | D        | Killed a centaur warrior
   948 | D        | Reached skill level 1 in Short Blades
   948 | D        | Reached skill level 16 in Spellcasting
   948 | D        | Reached XP level 10. HP: 43/51 MP: 9/32
   949 | D        | Noticed a lindwurm
   949 | D        | Killed Kirke
   949 | D        | Reached skill level 5 in Invocations
   986 | D        | Killed a skeletal warrior
   986 | D        | Reached skill level 17 in Spellcasting
   986 | D        | Reached skill level 15 in Fire Magic
  1032 | D        | Reached ***** piety under Sif Muna
  1032 | D        | Identified Sif Muna's Papyrus of the Nocuous Mountains (Sif
                  | Muna gifted it to you in the Dungeon)
  1032 | D        | Received a gift from Sif Muna
  1042 | D        | Learned a level 3 spell: Stone Arrow
  1048 | D        | Learned a level 5 spell: Bolt of Magma
  1054 | D        | Learned a level 5 spell: Venom Bolt
  1061 | D        | Learned a level 6 spell: Poison Arrow
  1079 | D        | Noticed an orange demon
  1105 | D        | Killed an elephant
  1457 | D        | Noticed a spiny frog
  1457 | D        | Noticed a spiny frog
  1460 | D        | Killed a spiny frog
  1460 | D        | Reached skill level 1 in Summonings
  1460 | D        | Killed a spiny frog
  1460 | D        | Reached skill level 18 in Spellcasting
  1647 | D        | Bought a potion of heal wounds for 50 gold pieces
  1649 | D        | Bought a scroll of blinking for 90 gold pieces
  1666 | D        | Bought an uncursed ring of see invisible for 210 gold
                  | pieces
  1667 | D        | Noticed an unseen horror
  1667 | D        | Noticed an unseen horror
  1766 | D        | Engulfed by a cloud of steam

Levels and vault maps discovered:
D:        the_violet_keep_of_menkaure [sprint2_stairs_cluster_1,
          sprint2_shoproom, sprint2_temple, sprint2_basic_supplies,
          sprint2_obstacle_4, sprint2_obstacle_3, sprint2_obstacle_6,
          sprint2_obstacle_5, sprint2_obstacle_7, sprint2_timed_cluster_1,
          sprint2_smallroom_cluster_1, sprint2_smallroom_final_cluster_1,
          sprint2_transparent_cluster_1, sprint2_second_timed_cluster_1,
          sprint2_sniper_area_1, sprint2_heavy_combat_area_1,
          sprint2_mutation_trap_area_1, sprint2_forest_area_1,
          sprint2_light_combat_area_1, sprint2_behind_water_1,
          sprint2_near_end_vault_1]

Skill      XL: |  1  2  3  4  5  6  7  8  9 10 |
---------------+-------------------------------+-----
Fire Magic     | 4 7 8 10 11 12 13 14 15 | 15.2
Dodging        | 3 4 5 6 7 8 |  8.2
Spellcasting   | 4 6 7 9 10 12 14 16 18 | 18.1
Stealth        | 3 4 5 6 |  6.6
Conjurations   | 2 3 4 5 7 9 11 12 | 12.9
Poison Magic   | 1 2 3 |  3.3
Translocations | 2 4 |  4.6
Air Magic      | 2 3 |  3.0
Invocations    | 4 5 |  5.8
Short Blades   | 1 2 |  2.2
Summonings     | 1 |  1.1
Fighting       | |  0.6
Hexes          | |  0.7
Earth Magic    | |  0.3

Action                   |  1- 3 |  4- 6 |  7- 9 | 10-12 || total
-------------------------+-------+-------+-------+-------++-------
Melee: Unarmed           |     4 |       |       |       ||     4
       Dagger            |       |       |     8 |       ||     8
 Cast: Flame Tongue      |    10 |    13 |    20 |    11 ||    54
       Conjure Flame     |       |     2 |     2 |     3 ||     7
       Inner Flame       |       |     1 |       |       ||     1
       Sticky Flame      |       |     3 |     2 |     1 ||     6
       Fireball          |       |     1 |    12 |     9 ||    22
       Mephitic Cloud    |       |       |     7 |     2 ||     9
       Blink             |       |       |     3 |     7 ||    10
       Bolt of Magma     |       |       |       |     3 ||     3
       Venom Bolt        |       |       |       |     1 ||     1
       Call Imp          |       |       |       |     1 ||     1
Invok: Channel Magic     |       |       |       |     1 ||     1
  Use: Potion            |     3 |     2 |       |       ||     5
 Stab: Confused          |       |       |     2 |       ||     2
  Eat: Chunk             |       |       |     1 |     1 ||     2
       Ration            |       |       |       |     1 ||     1
Armor: Robe              |       |       |     2 |     1 ||     3
Dodge: Dodged            |       |     4 |    21 |    10 ||    35

Table legend:
 A = Non-vault XP
 B = Vault XP
 C = Vault XP percentage of total XP
 D = Non-vault monster count
 E = Vault monster count
 F = Vault count percentage of total count
                 A         B        C        D         E       F
            +---------+---------+-------+---------+---------+-------
      Total |       0 |   10587 | 100.0 |       0 |      33 | 100.0
            +---------+---------+-------+---------+---------+-------
          D |       0 |   10587 | 100.0 |       0 |      33 | 100.0
            +---------+---------+-------+---------+---------+-------
